 Dungeon Crawl Stone Soup version 0.25-a0-285-gcba6f664f8 (webtiles) character file.

Game seed: 15358475395753707596, levelgen mode: deterministic

990 Esekla the Thaumaturge (level 7, -9/36 HPs)
             Began as a Deep Elf Conjurer on Dec 11, 2019.
             Was a Plaything of Xom.
             Mangled by an ogre
             ... wielding a +0 giant spiked club
             ... summoned by Xom
              (22 damage)
             ... on level 5 of the Dungeon.
             The game lasted 00:35:48 (3882 turns).

Esekla the Thaumaturge (Deep Elf Conjurer)          Turns: 3882, Time: 00:35:49

Health: -9/36      AC:  6    Str:  7    XL:     7   Next: 98%
Magic:  8/21       EV: 14    Int: 22    God:    Xom [......]
Gold:   334        SH:  0    Dex: 15    Spells: 21/24 levels left

rFire    . . .     SeeInvis .   k - staff of energy
rCold    . . .     Gourm    .   (no shield)
rNeg     . . .     Faith    .   m - +0 robe (curse)
rPois    .         Spirit   .   o - +0 helmet
rElec    .         Reflect  .   (no cloak)
rCorr    .         Harm     .   j - +2 pair of gloves
MR       .....                  (no boots)
Stlth    ++........             l - amulet of inaccuracy (curse)
HPRegen  0.12/turn              i - +2 ring of strength
MPRegen  0.17/turn              (no ring)

@: no status effects
A: no striking features
a: Renounce Religion


You were on level 5 of the Dungeon.
You worshipped Xom.
You were a very special plaything of Xom.
You were hungry.

You visited 1 branch of the dungeon, and saw 8 of its levels.

You collected 334 gold pieces.

Inventory:

Missiles
 b - 37 poisoned darts (quivered)
Armour
 j - a +2 pair of gloves (worn)
 m - a cursed +0 robe (worn)
 o - a +0 helmet (worn)
 q - the +2 leather armour "Tocu War" {+Inv Int+4 Stlth+, unknown}
   (You found it on level 7 of the Dungeon)

   It affects your intelligence (+4).
   It lets you turn invisible.
   It makes you more stealthy.
 y - a +4 ring mail
Magical Staves
 k - an uncursed staff of energy (weapon)
Jewellery
 i - a +2 ring of strength (left hand)
 l - a cursed amulet of inaccuracy (around neck)
 t - an uncursed ring of positive energy {unknown}
Wands
 s - a wand of flame (12)
Scrolls
 d - 3 scrolls of teleportation
 f - 2 scrolls of remove curse {unknown}
 g - 2 scrolls of identify
 p - a scroll of enchant weapon {unknown}
 r - 2 scrolls of fear {unknown}
 w - a scroll of noise {unknown}
 z - a scroll of magic mapping {unknown}
Potions
 a - a potion of brilliance {unknown}
 e - a potion of berserk rage {unknown}
 h - 2 potions of lignification
 n - 2 potions of curing
 u - a potion of haste {unknown}
 v - a potion of ambrosia
 x - a potion of flight {unknown}
Comestibles
 c - 8 rations


   Skills:
 + Level 3.6 Dodging
 - Level 2.4 Stealth
 * Level 9.2 Spellcasting
 + Level 7.8 Conjurations


You had 21 spell levels left.
You knew the following spells:

 Your Spells              Type           Power        Failure   Level  Hunger
a - Magic Dart            Conj           ####         1%          1    None
b - Searing Ray           Conj           #####.       1%          2    None

Your spell library contained the following spells:

 Spells                   Type           Power        Failure   Level  Hunger
 Dazzling Flash           Conj/Hex       ####..       3%          3    None
 Stone Arrow              Conj/Erth      ####..       3%          3    None
 Sandblast                Erth           ##....       7%          1    None
 Passwall                 Tmut/Erth      ##......     10%         2    None
 Fulminant Prism          Conj/Hex       ####......   13%         4    None
 Iskenderun's Mystic Bla  Conj/Tloc      ####....     13%         4    None
 Petrify                  Tmut/Erth      ##......     54%         4    None
 Lee's Rapid Deconstruct  Erth           ##........   88%         5    None


Dungeon Overview and Level Annotations

Branches:
Dungeon (8/15)
 Temple: D:4-7         Lair: D:8-11

Altars:
Cheibriados
Gozag
Trog
Uskayaw
Xom
The Shining One

Annotations:
D:3 2 transporters, saltlakrits's ghost, amateur OgCj


Message History

The searing ray hits the orc.
You kill the orc! (Press . to maintain the ray.)
The iguana bites you!
The searing ray hits the iguana.
The iguana is severely wounded.
The searing ray hits the ogre!
The ogre is heavily wounded.
The iguana closely misses you.
The searing ray hits the iguana!
You kill the iguana!
The searing ray hits the ogre!
The ogre is almost dead.
The searing ray misses the ogre.
The searing ray hits the orc!
You kill the orc!
The searing ray misses the orc priest.
You finish channeling your searing ray.
The ogre hits you with a +0 giant spiked club!!
Ouch! That really hurt!
You die...
Xom cackles wildly!

)############
...W.§h.oo..#
#.#
##########..#
#.# #..# #.#
#..# #.# ...
..# ..#.##.#
.###...# .o#
##@# #. #O#
..#.###)#
....W...o#
#.###.#W.#
#.###.#..#
#........#
#.###§#.##
#.# #.#.#


You could see a phantom, an ogre and an orc priest.

Vanquished Creatures
  Sigmund (D:4)
  2 sky beasts
  A tengu (shapeshifter) (D:6)
  2 bullfrogs
  A howler monkey (D:4)
  A crimson imp (D:7)
  A bullfrog zombie (D:5)
  An iguana (D:5)
  2 orc wizards
  A worker ant (D:7)
  Terence (D:2)
  A hound skeleton (D:8)
  10 adders
  An ooze (D:3)
  An adder zombie (D:6)
  2 worms
  4 dart slugs
  7 leopard geckos
  14 orcs
  9 bats
  4 giant cockroaches
  5 goblins
  8 hobgoblins
  A quokka (D:6)
  5 frilled lizards
  7 kobolds
  4 rats (D:3)
  A fungus (D:2)
98 creatures vanquished.

Vanquished Creatures (others)
  4 toadstools (D:2)
4 creatures vanquished.

Grand Total: 102 creatures vanquished

Notes
Turn   | Place    | Note
-------+----------+-------------------------------------------
     0 | D:1      | Esekla the Deep Elf Conjurer began the quest for the Orb.
     0 | D:1      | Reached XP level 1. HP: 10/10 MP: 6/6
   319 | D:1      | Reached XP level 2. HP: 15/15 MP: 1/8
   450 | D:1      | Learned a level 2 spell: Searing Ray
   478 | D:1      | Reached skill level 5 in Conjurations
   883 | D:1      | Reached XP level 3. HP: 19/19 MP: 6/9
  1356 | D:2      | Found a shimmering altar of Xom.
  1373 | D:2      | Became a worshipper of Xom of Chaos
  1419 | D:2      | Noticed Terence
  1477 | D:2      | Killed Terence
  1500 | D:2      | XOM: divination: magic mapping
  1615 | D:2      | Reached skill level 4 in Spellcasting
  1615 | D:2      | Reached XP level 4. HP: 24/24 MP: 6/12
  2010 | D:2      | XOM: harmless Air miscast
  2118 | D:2      | Found a hide-covered altar of Uskayaw.
  2257 | D:3      | Noticed a sky beast
  2274 | D:3      | Killed a sky beast
  2274 | D:3      | Reached XP level 5. HP: 20/28 MP: 8/14
  2362 | D:3      | Reached skill level 5 in Spellcasting
  2403 | D:3      | XOM: potion effect (agility)
  2712 | D:3      | XOM: silly message
  2839 | D:3      | Found a bloodstained altar of Trog.
  2843 | D:3      | Found a snail-covered altar of Cheibriados.
  2850 | D:3      | Found a glowing golden altar of the Shining One.
  2859 | D:3      | Found an opulent altar of Gozag.
  2905 | D:3      | Found a transporter.
  2908 | D:3      | Noticed saltlakrits's ghost (amateur OgCj)
  2910 | D:3      | Found a transporter.
  2912 | D:3      | Identified the +2 great mace "Libriony" {drain, rPois MR+
                  | Str-4 Int+7}
  2912 | D:3      | Noticed an ogre
  3151 | D:4      | Reached XP level 6. HP: 32/32 MP: 12/16
  3152 | D:4      | Noticed Sigmund
  3159 | D:4      | Killed Sigmund
  3159 | D:4      | Reached skill level 6 in Spellcasting
  3248 | D:4      | XOM: enchant monster (bad)
  3263 | D:4      | You fall into a shaft and drop 3 floors!
  3299 | D:8      | Reached skill level 7 in Spellcasting
  3304 | D:8      | XOM: confusion
  3308 | D:8      | XOM: confusion (+ monsters)
  3359 | D:7      | Noticed a sky beast
  3364 | D:7      | Killed a sky beast
  3364 | D:7      | Reached XP level 7. HP: 36/36 MP: 14/19
  3436 | D:7      | Reached skill level 8 in Spellcasting
  3456 | D:7      | Got a bloodstained leather armour
  3624 | D:6      | Noticed a glowing shapeshifter
  3624 | D:6      | a bullfrog changed into a glowing shapeshifter
  3624 | D:6      | XOM: polymorph bullfrog -> glowing shapeshifter
  3624 | D:6      | Noticed a death drake
  3624 | D:6      | a glowing shapeshifter changed into a death drake
  3625 | D:6      | Noticed a meliai
  3625 | D:6      | a death drake changed into a meliai
  3628 | D:6      | a meliai changed into a soldier ant
  3630 | D:6      | Noticed a blink frog
  3630 | D:6      | a soldier ant changed into a blink frog
  3633 | D:6      | a blink frog changed into a tengu
  3662 | D:5      | Entered Level 5 of the Dungeon
  3678 | D:5      | XOM: noise
  3781 | D:5      | XOM: harmless Summ miscast
  3792 | D:5      | Reached skill level 9 in Spellcasting
  3807 | D:5      | XOM: mild Erth miscast
  3876 | D:5      | XOM: summons 1 hostile shadow creature
  3882 | D:5      | Mangled by an ogre

Levels and vault maps discovered:
D:1:      dpeg_chamrin_arrival_tetris, layout_basic, lemuel_another_geyser
D:2:      layout_loops_ring, nicolae_overflow_hidden_temple, old_standard_altar,
          minmay_gold_behind_fungi, fountainhead, uniq_terence
D:3:      layout_basic, grunt_temple_overflow_cloverleaf, gammafunk_ghost_smash,
          first_ration
D:4:      layout_cave_pools, minmay_temple_entry_from_below_a,
          serial_co_window_serial, co_window_paths_a, co_window_paths_a,
          co_window_of_opportunity_a, co_window_paths_a, co_window_corner_a,
          co_window_corner_a, co_window_cross_1, co_window_unsneaky_path_a,
          co_window_of_opportunity_b, co_window_broadway_a, co_window_4corner_b,
          glass_columns_b, glass_columns_a, glass_columns_c, glass_columns_b,
          glass_columns_b, gammafunk_ghost_cemetery, portal_sewer_entry_e,
          serial_shops, shop, uniq_sigmund
D:5:      layout_loops_ring
D:6:      minmay_inner_zag, layout_basic, uniq_crazy_yiuf_cottage
D:7:      layout_loops_ring
D:8:      layout_rooms, grunt_qazlal_clouds,
          chequers_temple_overflow_minitemple, erik_lair_island

Skill      XL: |  1  2  3  4  5  6  7 |
---------------+----------------------+-----
Conjurations   | 5 6 7 |  7.8
Spellcasting   | 4 5 7 9 |  9.2
Dodging        | 3 |  3.6
Stealth        | |  2.4

Action                   |  1- 3 |  4- 6 |  7- 9 || total
-------------------------+-------+-------+-------++-------
Melee: Unarmed           |     1 |       |       ||     1
       Staff             |       |       |     2 ||     2
 Cast: Magic Dart        |    39 |    43 |    16 ||    98
       Searing Ray       |    12 |    17 |    19 ||    48
  Use: Scroll            |       |     5 |     2 ||     7
       Potion            |       |       |     1 ||     1
 Stab: Distracted        |     1 |       |       ||     1
  Eat: Chunk             |     2 |     2 |     1 ||     5
       Ration            |       |     1 |       ||     1
Armor: Robe              |     1 |     2 |    13 ||    16
Dodge: Dodged            |     9 |     8 |    19 ||    36

Table legend:
 A = Non-vault XP
 B = Vault XP
 C = Vault XP percentage of total XP
 D = Non-vault monster count
 E = Vault monster count
 F = Vault count percentage of total count
                 A         B        C        D         E       F
            +---------+---------+-------+---------+---------+-------
      Total |    1171 |     244 |  17.2 |      95 |       2 |   2.1
            +---------+---------+-------+---------+---------+-------
        D:1 |      43 |       0 |   0.0 |      18 |       0 |   0.0
        D:2 |      32 |      32 |  50.0 |      13 |       1 |   7.1
        D:3 |     253 |       0 |   0.0 |      29 |       0 |   0.0
        D:4 |      77 |     212 |  73.4 |       4 |       1 |  20.0
        D:5 |     189 |       0 |   0.0 |      18 |       0 |   0.0
        D:6 |     233 |       0 |   0.0 |       5 |       0 |   0.0
        D:7 |     326 |       0 |   0.0 |       7 |       0 |   0.0
        D:8 |      18 |       0 |   0.0 |       1 |       0 |   0.0
            +---------+---------+-------+---------+---------+-------
